 Dungeon Crawl Stone Soup version 0.23.0 (webtiles) character file.

Game seed: 9068653551836588051

801 Murks the Insei (level 7, -2/57 (59) HPs)
             Began as a Purple Draconian Transmuter on Feb 18, 2019.
             Was an Initiate of Okawaru.
             Slain by an orc warrior
             ... wielding a +0 long sword
              (19 damage)
             ... on level 5 of the Dungeon.
             The game lasted 00:27:24 (6538 turns).

Murks the Insei (Purple Draconian Transmuter)       Turns: 6538, Time: 00:27:24

HP:   -2/57 (59)    AC:  6    Str: 12    XL:     7   Next: 59%
MP:   11/11         EV: 12    Int: 15    God:    Okawaru [......]
Gold: 325           SH:  0    Dex: 12    Spells: 2/12 levels left

rFire    . . .     SeeInvis +     - Unarmed
rCold    . . .     Gourm    .   (no shield)
rNeg     . . .     Faith    .   (armour unavailable)
rPois    .         Spirit   .   (helmet restricted)
rElec    .         Reflect  .   (no cloak)
rCorr    .         Harm     .   (no gloves)
MR       +....                  (no boots)
Stlth    +.........             o - amulet of magic regeneration
HPRegen  0.19/turn              e - ring of see invisible
MPRegen  0.37/turn              (no ring)

@: short of breath, very slightly contaminated
A: breathe power, unfitting armour, cold-blooded, AC +6
a: Breathe Dispelling Energy, Renounce Religion


You were on level 5 of the Dungeon.
You worshipped Okawaru.
Okawaru was noncommittal.
You were hungry.

You visited 2 branches of the dungeon, and saw 7 of its levels.

You collected 325 gold pieces.

Inventory:

Missiles
 a - 132 arrows
 d - 195 stones (quivered)
 y - a throwing net
Jewellery
 e - a ring of see invisible (left hand)
 o - an amulet of magic regeneration (around neck)
 B - an uncursed ring of positive energy {unknown}
Wands
 x - a wand of random effects (21)
Scrolls
 f - a scroll of fog {unknown}
 g - 4 scrolls of blinking {unknown}
 i - 8 scrolls of teleportation
 j - 3 scrolls of remove curse {unknown}
 k - 2 scrolls of amnesia {unknown}
 m - a scroll of immolation {unknown}
 n - a scroll of magic mapping {unknown}
 s - 4 scrolls of identify
 w - 2 scrolls of enchant weapon {unknown}
 A - 2 scrolls of random uselessness {unknown}
Potions
 b - a potion of might {unknown}
 h - a potion of mutation {unknown}
 l - a potion of resistance {unknown}
 p - 2 potions of berserk rage
 q - 2 potions of curing {unknown}
 r - a potion of flight
 t - 2 potions of invisibility
 u - a potion of ambrosia {unknown}
 v - 5 potions of brilliance {unknown}
 z - a potion of agility {unknown}
Comestibles
 c - 9 rations
 C - 4 chunks of flesh


   Skills:
 - Level 4.0 Fighting
 - Level 1.7 Dodging
 + Level 5.9 Unarmed Combat
 - Level 3.0 Spellcasting
 - Level 4.2 Transmutations
 * Level 1.8 Ice Magic
 - Level 3.1 Poison Magic


You had 2 spell levels left.
You knew the following spells:

 Your Spells              Type           Power        Failure   Level  Hunger
a - Beastly Appendage     Tmut           ##....       3%          1    #......
b - Spider Form           Tmut/Pois      ##........   13%         3    ###....
c - Sticks to Snakes      Tmut           ##......     5%          2    ##.....
d - Ice Form              Ice/Tmut       ##......     50%         4    #####..

Your spell library contained the following spells:

 Spells                   Type           Power        Failure   Level  Hunger
 Animate Skeleton         Necr           N/A          21%         1    #......
 Apportation              Tloc           #.....       21%         1    #......
 Confusing Touch          Hex            #.....       21%         1    #......
 Summon Small Mammal      Summ           #...         21%         1    #......
 Blade Hands              Tmut           ##........   69%         5    ######.


Dungeon Overview and Level Annotations

Branches:
Dungeon (6/15)             Temple (1/1) D:5

Altars:
Ashenzari
Cheibriados
Fedhas
Gozag
Hepliaklqana
Kikubaaqudgha
Okawaru
Qazlal
Ru
Sif Muna
Trog
Uskayaw
Wu Jian
Xom
Zin

Annotations:
D:5 3 runed translucent doors, guttsta's ghost, novice KoBe


Innate Abilities, Weirdness & Mutations

You can breathe bolts of dispelling energy.
Your rich purple scales are hard. (AC +6)
You cannot fit into any form of body armour.
You are cold-blooded and may be slowed by cold attacks.


Message History

The orc warrior is moderately wounded.
The orc warrior closely misses you.
You hit the orc warrior but do no damage.
The orc warrior is poisoned.
The orc warrior is moderately wounded.
The orc warrior hits you with a +0 long sword!
* * * LOW HITPOINT WARNING * * *
Press: ? - help, v - describe, . - travel
Here: an orc warrior, wielding a +0 long sword and wearing a +0 plate armour (moderately wounded, poisoned)
The floor.
Your transformation is almost over.
Your transformation has ended.
The orc warrior looks more healthy.
Press: ? - help, Shift-Dir - straight line, f - orc warrior
Aim: an orc warrior, wielding a +0 long sword and wearing a +0 plate armour (severely wounded)
You breathe a bolt of dispelling energy.
The bolt of dispelling energy misses the orc warrior.
You feel somewhat more hungry.
The orc warrior hits you with a +0 long sword!!
You die...

##..# #...# #..## #..# ##...##
##..## ##..# #... ###.....# #...#
#..####... ......).## ##...#
#...##.... .........## #...##
##.......>. ..........####...#
##..........
.................#####....##.....
.................#.......#####...
.........#......@o.......# ##...
........####........#....## #....
........# ###.....###....###...#
........# ##.....###.....##...#
........# #......##..........##
.......## ##......##..........#
.......# ##.......#...........#
.......# ##...###..............##
.......###...## #...............#


You could see an orc warrior.

Vanquished Creatures
  An ice beast (D:5)
  A necrophage (D:5)
  A centaur (D:5)
  A crimson imp (D:5)
  3 orc priests
  4 orc wizards
  Jessica (D:2)
  Terence (D:2)
  A howler monkey skeleton (D:4)
  4 gnolls (D:4)
  5 adders
  4 oozes
  2 worms
  5 dart slugs
  2 leopard geckos
  22 orcs
  10 goblins
  10 hobgoblins
  8 jackals (D:4)
  A quokka (D:5)
  2 ball pythons (D:3)
  6 bats
  5 frilled lizards
  A jackal skeleton (D:4)
  7 kobolds
  8 rats
116 creatures vanquished.

Notes
Turn   | Place    | Note
-------+----------+-------------------------------------------
     0 | D:1      | Murks the Draconian Transmuter began the quest for the Orb.
     0 | D:1      | Reached XP level 1. HP: 16/16 MP: 3/3
   445 | D:1      | Reached XP level 2. HP: 25/25 MP: 5/5
   729 | D:1      | Reached XP level 3. HP: 21/31 MP: 4/6
   845 | D:1      | Learned a level 3 spell: Spider Form
  1800 | D:2      | Reached skill level 1 in Poison Magic
  1800 | D:2      | Reached XP level 4. HP: 40/40 MP: 5/7
  1967 | D:2      | Noticed Jessica
  1972 | D:2      | Killed Jessica
  2018 | D:2      | Noticed Terence
  2030 | D:2      | Killed Terence
  2436 | D:2      | Learned a level 2 spell: Sticks to Snakes
  2543 | D:3      | Reached XP level 5. HP: 42/46 MP: 6/8
  3550 | D:4      | Found a hide-covered altar of Uskayaw.
  3590 | D:4      | Reached XP level 6. HP: 36/52 MP: 3/9
  3791 | D:4      | Reached skill level 4 in Unarmed Combat
  4744 | D:4      | Noticed a +0 hand axe
  4744 | D:4      | Noticed a +0 dagger
  4865 | D:5      | Entered Level 5 of the Dungeon
  4957 | D:5      | Found a staircase to the Ecumenical Temple.
  4979 | D:5      | Reached skill level 5 in Unarmed Combat
  4979 | D:5      | Your scales start taking on a rich purple colour.
  4979 | D:5      | Reached XP level 7. HP: 51/59 MP: 9/11
  5056 | D:5      | Learned a level 4 spell: Ice Form
  5108 | Temple   | Entered the Ecumenical Temple
  5137 | Temple   | Became a worshipper of Warmaster Okawaru
  5239 | D:5      | Found a hazy altar of Hepliaklqana.
  5242 | D:5      | Found a blossoming altar of Fedhas.
  5503 | D:5      | Found a runed translucent gate.
  5504 | D:5      | Found a runed translucent gate.
  5505 | D:5      | Found an opulent altar of Gozag.
  5508 | D:5      | Found a runed translucent gate.
  5528 | D:5      | Noticed guttsta's ghost (novice KoBe)
  5647 | D:5      | Reached skill level 1 in Ice Magic
  5790 | D:5      | Found a shimmering altar of Xom.
  6538 | D:5      | Slain by an orc warrior

Skill      XL: |  1  2  3  4  5  6  7 |
---------------+----------------------+-----
Fighting       | 2 3 4 |  4.0
Poison Magic   | 1 2 3 |  3.1
Transmutations | 3 4 |  4.2
Unarmed Combat | 5 |  5.9
Spellcasting   | 3 |  3.0
Ice Magic      | 1 |  1.8
Dodging        | |  1.7

Action                   |  1- 3 |  4- 6 |  7- 9 || total
-------------------------+-------+-------+-------++-------
Melee: Unarmed           |   109 |   205 |    71 ||   385
       Tailslap          |     5 |     5 |     2 ||    12
       Headbutt          |     7 |     3 |     1 ||    11
       Punch             |     1 |     1 |       ||     2
       Kick              |     7 |    12 |     2 ||    21
Throw: Stone             |    63 |    41 |    12 ||   116
 Cast: Beastly Appendage |    20 |    16 |     5 ||    41
       Spider Form       |       |    14 |     6 ||    20
 Abil: Breathe Dispellin |       |       |     6 ||     6
       End Transformatio |       |       |     1 ||     1
  Use: Scroll            |     2 |     5 |       ||     7
       Potion            |       |     1 |       ||     1
 Stab: Sleeping          |     2 |       |       ||     2
  Eat: Chunk             |     3 |    13 |     3 ||    19
       Ration            |       |       |     1 ||     1
Armor: Skin              |    26 |    26 |    12 ||    64
Dodge: Dodged            |    75 |   159 |    52 ||   286
